 Dungeon Crawl Stone Soup version 0.30.1-4-g462c640d31 (webtiles) character file.

Game seed: 5296352596597187571

95 Gabide the Chiller (level 4, -1/35 HPs)
             Began as a Demigod Ice Elementalist on Sept 17, 2023.
             Slain by a phantom (2 damage)
             ... on level 1 of the Dungeon.
             The game lasted 00:05:55 (1603 turns).

Gabide the Chiller (Demigod Ice Elementalist)       Turns: 1603, Time: 00:05:55

Health: -1/35      AC:  2    Str:  9    XL:     4   Next: 17%
Magic:  6/10       EV: 12    Int: 21    God:
Gold:   90         SH:  0    Dex: 14    Spells: 3/7 levels left

rFire   . . .        d - +2 dagger (distort)
rCold   . . .        (no shield)
rNeg    . . .        f - +0 robe
rPois   .            (no helmet)
rElec   .            (no cloak)
rCorr   .            (no gloves)
SInv    .            (no boots)
Will    .....        (no amulet)
Stlth   ++           (no ring)
HPRegen 0.25/turn    (no ring)
MPRegen 0.12/turn

%: no passive effects
@: no status effects
A: high MP 1, forlorn, divine attributes
a: no special abilities


You were on level 1 of the Dungeon.
You visited 1 branch of the dungeon, and saw 2 of its levels.

You collected 90 gold pieces.

Inventory:

Hand Weapons
 a - a +0 dagger
 d - a +2 dagger of distortion (weapon)
Armour
 f - a +0 robe (worn)
Scrolls
 c - a scroll of identify
Potions
 b - 2 potions of magic
 e - a potion of curing


   Skills:
 + Level 1.2 Fighting
 + Level 2.3 Dodging
 + Level 2.4 Stealth
 + Level 2.2 Spellcasting
 * Level 4.2 Ice Magic


You had 3 spell levels left.
You knew the following spells:

 Your Spells              Type           Power      Damage    Failure   Level
a - Freeze                Ice            80%        1d9       2%          1
b - Frozen Ramparts       Ice            40%        1d7       8%          3

Your spell library contained the following spells:

 Spells                   Type           Power      Damage    Failure   Level
 Ozocubu's Armour         Ice            20%        N/A       8%          3
 Hailstorm                Conj/Ice       11%        3d5       19%         3
 Summon Ice Beast         Ice/Summ       11%        N/A       52%         4


Dungeon Overview and Level Annotations

Branches:
Dungeon (2/15)

Shops:
D:1 (


Innate Abilities, Weirdness & Mutations

You have an increased reservoir of magic. (+10% MP)
You shall have no god before yourself.
Your divine heritage dramatically boosts your attributes as you level up.


Message History

Aiming: Freeze (safe; 2% risk of failure)
Press: ? - help, Q - select action, (/) - cycle Shift-Dir - straight line, f/p - phantom
Aim: a phantom (lightly damaged)
You freeze the phantom but do no damage.
The phantom completely resists.
The wall freezes the phantom but does no damage.
The phantom closely misses you.
Aiming: Freeze (safe; 2% risk of failure)
Press: ? - help, Q - select action, (/) - cycle Shift-Dir - straight line, f/p - phantom
Aim: a phantom (lightly damaged)
You freeze the phantom.
The phantom resists.
The phantom is lightly damaged.
The wall freezes the phantom but does no damage.
The phantom hits you!
* * * LOW HITPOINT WARNING * * *
Aiming: Freeze (safe; 2% risk of failure)
Press: ? - help, Q - select action, (/) - cycle Shift-Dir - straight line, f/p - phantom
Aim: a phantom (lightly damaged)
You freeze the phantom but do no damage.
The phantom completely resists.
The phantom resists.
The wall freezes the phantom.
The phantom hits you.
* * * LOW HITPOINT WARNING * * *
Your frozen ramparts will break if you move.
Continue?
The frozen ramparts melt away as you move.
The phantom attacks as you move away! The phantom barely misses you.
The phantom attacks as you move away! The phantom barely misses you.
The phantom attacks as you move away! The phantom closely misses you.
The phantom attacks as you move away! The phantom hits you.
* * * LOW HITPOINT WARNING * * *
The phantom attacks as you move away!
The phantom hits you but does no damage.
The phantom attacks as you move away! The phantom hits you.
* * * LOW HITPOINT WARNING * * *
The phantom attacks as you move away! The phantom barely misses you.
Okay, then.
The phantom attacks as you move away! The phantom barely misses you.
The phantom attacks as you move away! The phantom hits you.
* * * LOW HITPOINT WARNING * * *
The phantom attacks as you move away! The phantom hits you.
You die...

#.# #.# #.# ##†..##
#.###.###.# ##'##
#.........# #.#
#####.##### #.# #.#
##.#######
#.###########.........
##.#........#..........
#....######.##.........
#....W@.# #.###........
#....##.###.###........
####.##....>...........
#.######.###........
#.# #.# #.#######
#.######.# #.#
#........# #.#
###.########.#
##.#.#####...#


You could see a phantom.

Vanquished Creatures
  Natasha (twice) (D:2)
  An adder (D:2)
  A dart slug (D:1)
  4 bats
  2 endoplasms
  A giant cockroach (D:1)
  3 goblins (D:1)
  2 hobgoblins (D:2)
  7 jackals (D:1)
  2 kobolds (D:1)
  3 ball pythons (D:1)
  A frilled lizard (D:1)
  4 rats
33 creatures vanquished.

Notes
Turn   | Place    | Note
-------+----------+-------------------------------------------
     0 | D:1      | Gabide the Demigod Ice Elementalist began the quest for the
                  | Orb.
     0 | D:1      | Reached XP level 1. HP: 14/14 MP: 5/5
    88 | D:1      | Found Muoj's Weapon Shop.
   368 | D:1      | Reached XP level 2. HP: 20/22 MP: 4/7
   907 | D:1      | Reached skill level 4 in Ice Magic
  1095 | D:2      | Noticed a phantom
  1193 | D:2      | Reached skill level 1 in Fighting
  1193 | D:2      | Reached XP level 3. HP: 28/28 MP: 3/8
  1270 | D:2      | Noticed Natasha
  1330 | D:2      | Killed Natasha
  1359 | D:2      | Learned a level 3 spell: Frozen Ramparts
  1486 | D:2      | Noticed Natasha
  1494 | D:2      | Killed Natasha
  1495 | D:2      | Reached XP level 4. HP: 23/35 MP: 4/10
  1602 | D:1      | HP: 1/35 [phantom (4)]
  1603 | D:1      | Slain by a phantom

Illustrated notes

Levels and vault maps discovered:
D:1:      psy_arrival_fountain, layout_loops_corners, serial_shops, shop
D:2:      layout_rooms, uniq_natasha

Skill      XL: |  1  2 |
---------------+-------+-----
Stealth        | 2 |  2.4
Spellcasting   | 2 |  2.2
Dodging        | 2 |  2.3
Ice Magic      | 4 |  4.2
Fighting       | 1 |  1.2

Action                     |  1- 3 |  4- 6 || total
---------------------------+-------+-------++-------
  Melee: Dagger            |     9 |       ||     9
         Unarmed           |     1 |       ||     1
   Cast: Freeze            |    60 |     5 ||    65
         Frozen Ramparts   |       |     1 ||     1
    Use: Scroll            |     3 |       ||     3
         Potion            |     3 |       ||     3
 Armour: Robe              |    20 |     1 ||    21
  Dodge: Dodged            |    30 |    10 ||    40
